 Dungeon Crawl Stone Soup version 0.31-a0-1352-gc98d92de7d (webtiles) character file.

Game seed: 15279032023808969297

50609 gohu the Severer (level 14, -3/138 HPs)
             Began as a Hill Orc Fighter on Dec 21, 2023.
             Was the Champion of Beogh.
             Killed from afar by an ice dragon (36 damage)
             ... with a blast of cold
             ... on level 5 of the Lair of Beasts on Dec 22, 2023.
             The game lasted 00:51:28 (20239 turns).

gohu the Severer (Hill Orc Fighter)                Turns: 20239, Time: 00:51:28

Health: -3/138     AC: 23    Str: 24    XL:     14   Next: 56%
Magic:  22/22      EV:  8    Int: 15    God:    Beogh [******]
Gold:   1784       SH: 16    Dex: 22    Spells: 13/13 levels left

rFire   . . .        a - +0 war axe
rCold   . . .        N - +0 kite shield
rNeg    . . .        L - +1 storm dragon scales "Wuwk" {rElec Int+5}
rPois   .            w - +2 hat
rElec   +            z - +0 cloak {rCorr}
rCorr   +            T - +0 pair of gloves
SInv    .            n - +0 pair of boots
Will    ++...        o - amulet of reflection Stlth
                     h - ring of Xom's Whimsicality {^Contam Will+ Int+2 Dex+6}
HPRegen 0.43/turn    C - +6 ring of dexterity
MPRegen 0.18/turn

%: reflection
@: lethally poisoned (-3 -> -11)
A: walk on water
a: Renounce Religion, Smiting, Recall Orcish Followers, Give Item to Named
Follower, Resurrection


You were on level 5 of the Lair of Beasts.
You worshipped Beogh.
Beogh was exalted by your worship.
You visited 3 branches of the dungeon, and saw 21 of its levels.
You also visited: Sewer and Bailey.

You collected 1784 gold pieces.

Inventory:

Hand Weapons
 a - a +0 war axe (weapon)
 d - a +0 morningstar
 k - a +1 glaive
Missiles
 y - 8 javelins (quivered)
 Q - a throwing net
Armour
 c - a +0 buckler
 n - a +0 pair of boots (worn)
 u - a +2 chain mail
 w - a +2 hat (worn)
 z - a +0 cloak of preservation (worn)
 E - a +0 tower shield
 I - a +1 cloak
 L - the +1 storm dragon scales "Wuwk" (worn) {rElec Int+5}
   (You found it in a bailey)

   Int+5:     It affects your intelligence (+5).
   rElec:     It insulates you from electricity.
 N - a +0 kite shield (worn)
 T - a +0 pair of gloves (worn)
Jewellery
 b - a ring of willpower
 h - the ring of Xom's Whimsicality (left hand) {^Contam Will+ Int+2 Dex+6}
   (You acquired it on level 3 of the Dungeon)

   [ring of dexterity]

   Int+2:     It affects your intelligence (+2).
   Dex+6:     It affects your dexterity (+6).
   Will+:     It increases your willpower.
   ^Contam:   It causes magical contamination when unequipped.
 o - an amulet of reflection (around neck)
 B - a ring of flight
 C - a +6 ring of dexterity (right hand)
 H - a ring of willpower
 R - a ring of protection from fire
 S - an amulet of magic regeneration
Wands
 s - a wand of paralysis (21)
 v - a wand of flame (9)
 F - a wand of digging (7)
 G - a wand of quicksilver (28)
 J - a wand of roots (21)
 Y - a wand of mindburst (7)
Scrolls
 f - 4 scrolls of immolation
 i - 3 scrolls of fog
 j - 2 scrolls of revelation
 p - 4 scrolls of enchant armour
 r - 13 scrolls of teleportation
 t - a scroll of brand weapon
 x - 8 scrolls of identify
 A - a scroll of silence
 M - a scroll of blinking
 O - a scroll of enchant weapon
 U - 2 scrolls of fear
 W - a scroll of poison
 X - a scroll of torment
Potions
 e - 5 potions of enlightenment
 g - 4 potions of haste
 l - 2 potions of resistance
 m - 2 potions of curing
 q - 2 potions of heal wounds
 D - 3 potions of ambrosia
 K - a potion of cancellation
 P - 2 potions of lignification
 V - 6 potions of might


   Skills:
 * Level 16.9 Fighting
 - Level 19.0 Axes
 + Level 1.2 Throwing
 + Level 12.2 Armour
 + Level 0.5 Dodging
 + Level 6.3 Shields
 * Level 11.5 Invocations


You had 13 spell levels left.
You didn't know any spells.
Your spell library contained the following spells:

 Spells                   Type           Power      Damage    Failure   Level
 Necrotise                Necr           0%         1d4       94%         1
 Summon Small Mammal      Summ           0%         N/A       94%         1
 Ensorcelled Hibernation  Hex/Ice        0%         N/A       98%         2
 Static Discharge         Conj/Air       0%         3-3/arc   98%         2
 Call Canine Familiar     Summ           0%         N/A       100%        3
 Fugue of the Fallen      Necr           0%         N/A       100%        3
 Summon Guardian Golem    Hex/Summ       0%         N/A       100%        3
 Vampiric Draining        Necr           0%         2d6       100%        3
 Airstrike                Air            0%         2d(0-16)  100%        4
 Anguish                  Hex/Necr       0%         N/A       100%        4
 Animate Dead             Necr           0%         N/A       100%        4
 Summon Lightning Spire   Summ/Air       0%         N/A       100%        4
 Vhi's Electric Charge    Tloc/Air       0%         N/A       100%        4
 Agony                    Necr           0%         N/A       100%        5
 Arcjolt                  Conj/Air       0%         1d10      100%        5
 Borgnjor's Vile Clutch   Necr/Erth      0%         N/A       100%        5
 Summon Forest            Summ/Tloc      0%         N/A       100%        5
 Summon Mana Viper        Hex/Summ       0%         N/A       100%        5
 Death Channel            Necr           0%         N/A       100%        6
 Plasma Beam              Fire/Air       0%         2x1d10    100%        6
 Summon Cactus Giant      Summ           0%         N/A       100%        6


Dungeon Overview and Level Annotations

Branches:
Dungeon (15/15)            Temple (1/1) D:6            Lair (5/5) D:11
 Shoals (0/4) Lair:2       Spider (0/4) Lair:2        Slime (0/5) Lair:4
    Orc (0/2) D:11         Vaults (0/5) D:13          Sewer (visited)
 Bailey (visited)
 Depths: D:15

Altars:
Ashenzari
Cheibriados
Dithmenos
Elyvilon
Fedhas
Gozag
Hepliaklqana
Kikubaaqudgha
Makhleb
Nemelex Xobeh
Okawaru
Qazlal
Ru
Sif Muna
Trog
Uskayaw
Vehumet
Wu Jian
Xom
Yredelemnul
Zin
The Shining One

Annotations:
D:13 3 runed translucent doors


Message History

You feel extremely sick. The ice dragon bites you.
You block the ice dragon's attack. x2
The swamp dragon bites you. You block the swamp dragon's attack.
The swamp dragon barely misses you.
You are too injured to fight recklessly!
You are too injured to fight recklessly!
You are too injured to fight recklessly!
You hit the swamp dragon.
The swamp dragon is heavily wounded.
You hit the ice dragon but do no damage.
You feel very sick. The ice dragon bites you!
You block the ice dragon's attack. x2
The swamp dragon breathes poison at you.
The blast of poison engulfs you but does no damage.
You are more poisoned.
You feel better.
You are engulfed in poison gas.
You are poisoned.
You feel very sick. You block the ice dragon's attack. x2
The ice dragon tramples you but does no damage.
The swamp dragon bites you!
* * * LOW HITPOINT WARNING * * *
The swamp dragon closely misses you.
The swamp dragon tramples you but does no damage.
Bogmar is engulfed in poison gas.
Bogmar is poisoned.
You slash the swamp dragon!
The swamp dragon is severely wounded.
You slash the ice dragon!
You are engulfed in poison gas.
You are more poisoned.
* * * LOW HITPOINT WARNING * * *
x2 You feel extremely sick.
You feel better.
You are engulfed in poison gas.
You are poisoned.
* * * LOW HITPOINT WARNING * * *
You feel very sick.
The swamp dragon bites you but does no damage.
The swamp dragon completely misses you. You block the swamp dragon's attack.
The ice dragon breathes frost at you. The blast of cold hits you!!!
You die...

## ### .######.##
♣♣♣♣♣♣♣♣♣♣ .........#
♣♣♣..~.~.~.♣♣
.........#♣♣....≈≈≈≈≈~..
..#....#.#♣...○.○≈°≈≈≈~~
..####.###♣.P~°°oD≈~≈≈≈≈
...##### ♣..≈.○@D≈~~~≈≈
..#.# ♣~≈≈♣○♣○~~....
..### ♣~≈≈♣♣♣♣♣.♣$.. ..##
♣P~~~♣.♣♣ ♣ ! ...# ####
♣♣..~♣~.♣♣♣ ...###..##
♣♣...~≈~P♣♣ .........#
♣♣♣o..≈oo♣♣ .........#
♣.♣....≈♣.♣♣♣
....###..##♣♣..♣♣♣.♣≈♣~~≈


You could see an ice dragon (catching breath), a swamp dragon (catching breath,
ally target) and the friendly Bogmar the orc warlord (poisoned).

Vanquished Creatures
  Gastronok (D:8)
  Fannar (D:11)
  3 hydras
  2 centaur warriors (D:13)
  A boulder beetle (Lair:2)
  4 two-headed ogres
  4 death yaks
  The ghost of crawlacc the Trooper, a novice MiFi (D:8)
  A lindwurm (Lair:5)
  3 cyclopes
  A manticore (D:12)
  6 elephants
  2 torpor snails (Lair:5)
  A smoke demon (D:11)
  2 gargoyles
  6 cane toads
  Maggie (D:8)
  6 komodo dragons
  2 rime drakes
  A yaktaur (D:12)
  A meliai (D:10)
  3 polar bears
  2 tyrant leeches (Lair:5)
  A hornet (Lair:5)
  2 blink frogs (Lair:5)
  2 dream sheep (Lair:5)
  2 slime creatures (D:12)
  2 wyverns
  A ynoxinul (D:11)
  25 yaks
  A shadow (D:12)
  A vampire (D:12)
  A hog (Lair:5)
  4 steam dragons
  2 basilisks
  6 water moccasins
  2 ice beasts
  A swamp drake (Lair:5)
  3 orc warriors (Bailey)
  An ogre (D:14)
  4 wolves
  A crocodile (Sewer)
  2 centaurs (D:10)
  3 kobold brigands
  7 bullfrogs
  3 gnoll sergeants
  7 scorpions
  9 wights (D:6)
  3 killer bees (D:9)
  An electric eel (Lair:2)
  2 howler monkeys
  2 quasits
  6 jellies
  9 hounds
  3 orc priests
  A gnoll bouda (D:7)
  A sleepcap (D:7)
  4 iguanas
  10 orc wizards
  11 gnolls
  5 adders
  2 river rats (D:3)
  2 shadow imps
  A white imp (D:6)
  A bombardier beetle (D:5)
  9 worms
  2 dart slugs
  29 orcs
  6 ball pythons
  3 endoplasms
  3 giant cockroaches
  5 goblins
  6 hobgoblins
  16 jackals
  23 kobolds
  7 quokkas
  2 bats
  4 frilled lizards
  11 rats
338 creatures vanquished.

Vanquished Creatures (collateral kills)
  Kirke (Lair:5)
  Frances (D:14)
  A vault guard (D:13)
  An ice dragon (Lair:5)
  3 hydras
  A boulder beetle (D:13)
  3 two-headed ogres
  5 death yaks
  A soul eater (D:11)
  A lindwurm (Lair:5)
  A manticore (D:11)
  A cyclops (D:12)
  A rust devil (D:11)
  6 elephants
  2 black mambas
  A gargoyle (D:12)
  7 cane toads
  3 torpor snails (Lair:5)
  3 rime drakes
  3 komodo dragons
  Jeremiah (D:8)
  A kobold demonologist (D:12)
  A polar bear (Lair:5)
  2 meliai (D:10)
  A blink frog (Lair:5)
  A tyrant leech (Lair:5)
  5 hornets (Lair:5)
  A snapping turtle (Lair:2)
  3 dream sheep (Lair:5)
  5 slime creatures (D:12)
  8 wyverns
  A water elemental (Lair:2)
  3 basilisks
  2 wraiths (D:12)
  34 yaks
  3 steam dragons
  2 acid dragons
  4 water moccasins
  5 orc warriors
  A sky beast (D:8)
  3 wolves (Lair:1)
  4 centaurs
  A kobold brigand (D:8)
  5 bullfrogs
  3 scorpions
  2 killer bees (D:9)
  An electric eel (Lair:4)
  A howler monkey (D:8)
  3 quasits
  2 orc priests (D:12)
  2 jellies (Lair:4)
  3 iguanas (Lair:5)
  3 orc wizards
  6 gnolls
  A worm (Lair:2)
  14 orcs
  6 kobolds
190 creatures vanquished.

Vanquished Creatures (others)
  An orc sorcerer (Lair:3)
  2 orc knights
  A hornet (Lair:5)
  3 humans (Lair:5)
  3 orc warriors
  3 orc priests
  2 orc wizards
  42 orcs
  An endoplasm (D:2)
58 creatures vanquished.

Grand Total: 586 creatures vanquished

Notes
Turn   | Place    | Note
-------+----------+-------------------------------------------
     0 | D:1      | gohu the Hill Orc Fighter began the quest for the Orb.
     0 | D:1      | Reached XP level 1. HP: 19/19 MP: 1/1
    49 | D:1      | Found a faded altar of an unknown god.
   189 | D:1      | Reached XP level 2. HP: 26/27 MP: 2/2
   217 | D:1      | Reached skill level 3 in Axes
   468 | D:1      | Reached XP level 3. HP: 29/33 MP: 3/3
   999 | D:3      | Identified a scroll of acquirement
  1008 | D:3      | Acquired the ring of Xom's Whimsicality {^Contam Will+
                  | Int+2 Dex+6}
  1152 | D:3      | Reached skill level 4 in Axes
  1157 | D:3      | Reached XP level 4. HP: 39/41 MP: 4/4
  1326 | D:3      | Found a glowing drain.
  1333 | Sewer    | Entered a sewer
  1355 | Sewer    | Reached XP level 5. HP: 47/47 MP: 5/5
  1400 | Sewer    | Noticed a crocodile
  1408 | Sewer    | Killed a crocodile
  1409 | Sewer    | Reached skill level 5 in Fighting
  1409 | Sewer    | Reached skill level 5 in Axes
  1920 | D:2      | Reached skill level 6 in Axes
  2716 | D:5      | Entered Level 5 of the Dungeon
  2865 | D:4      | Became a worshipper of Beogh the Brigand
  2872 | D:4      | Reached XP level 6. HP: 56/56 MP: 6/6
  3419 | D:5      | Reached skill level 7 in Axes
  3482 | D:5      | Reached * piety under Beogh
  3485 | D:5      | Reached XP level 7. HP: 39/61 MP: 7/7
  3499 | D:5      | Found a glowing silver altar of Zin.
  3499 | D:5      | Found a bloodstained altar of Trog.
  3577 | D:5      | Found an ancient bone altar of Kikubaaqudgha.
  3579 | D:5      | Found a broken altar of Ashenzari.
  3580 | D:5      | Found an iron altar of Okawaru.
  3586 | D:5      | Found a basalt altar of Yredelemnul.
  3587 | D:5      | Found a white marble altar of Elyvilon.
  3711 | D:5      | Reached skill level 8 in Axes
  3939 | D:5      | Reached skill level 9 in Axes
  4003 | D:5      | Reached XP level 8. HP: 70/70 MP: 8/8
  4347 | D:6      | Found a staircase to the Ecumenical Temple.
  4365 | D:6      | Reached skill level 1 in Invocations
  4370 | D:6      | Reached skill level 10 in Axes
  4478 | Temple   | Entered the Ecumenical Temple
  4832 | D:6      | Reached skill level 11 in Axes
  4834 | D:6      | Reached XP level 9. HP: 43/79 MP: 9/11
  5048 | D:6      | Reached skill level 5 in Shields
  5266 | D:6      | Reached ** piety under Beogh
  5467 | D:6      | Reached skill level 5 in Armour
  5612 | D:7      | Reached skill level 12 in Axes
  6067 | D:7      | Reached skill level 13 in Axes
  6225 | D:8      | Reached *** piety under Beogh
  6258 | D:8      | Found a flagged portal.
  6268 | Bailey   | Entered a bailey
  6409 | Bailey   | Noticed an orc knight
  6452 | Bailey   | Reached XP level 10. HP: 17/90 MP: 13/13
  6747 | Bailey   | Identified the +1 storm dragon scales "Wuwk" {rElec Int+5}
  6856 | D:8      | Found a transporter.
  6876 | D:8      | Found a transporter.
  6889 | D:8      | Noticed crawlacc's ghost (novice MiFi)
  6898 | D:8      | Noticed Jeremiah
  6916 | D:8      | Killed Jeremiah
  7024 | D:9      | Reached skill level 5 in Invocations
  7024 | D:9      | Noticed a two-headed ogre
  7029 | D:9      | Killed a two-headed ogre
  7030 | D:9      | Reached skill level 14 in Axes
  7215 | D:8      | Noticed Gastronok
  7229 | D:8      | Killed Gastronok
  7374 | D:8      | Gained Morun as an ally
  7427 | D:8      | Killed crawlacc's ghost
  7485 | D:8      | Noticed Maggie
  7496 | D:8      | Killed Maggie
  7497 | D:8      | Reached skill level 15 in Axes
  7622 | D:8      | Reached **** piety under Beogh
  7645 | D:9      | Reached XP level 11. HP: 99/99 MP: 15/15
  8056 | D:9      | Reached skill level 10 in Fighting
  8153 | D:10     | Entered Level 10 of the Dungeon
  8479 | D:9      | Noticed a two-headed ogre
  8483 | D:9      | Killed a two-headed ogre
  8603 | D:9      | Identified the maw talisman "Sapsidwue" {Str+5}
  9761 | D:11     | Found a staircase to the Orcish Mines.
  9813 | D:11     | Noticed a two-headed ogre
  9822 | D:11     | Killed a two-headed ogre
  9823 | D:11     | Reached skill level 16 in Axes
  9884 | D:11     | Noticed Fannar
  9902 | D:11     | Killed Fannar
 10099 | D:11     | Noticed a two-headed ogre
 10103 | D:11     | Killed a two-headed ogre
 10166 | D:12     | Noticed a manticore
 10182 | D:12     | Noticed a two-headed ogre
 10186 | D:12     | Killed a manticore
 10190 | D:12     | Killed a two-headed ogre
 10453 | D:11     | Noticed a two-headed ogre
 10458 | D:11     | Killed a two-headed ogre
 10468 | D:11     | Reached XP level 12. HP: 111/112 MP: 17/17
 10557 | D:11     | Gained Bogmar as an ally
 10558 | D:11     | Reached skill level 1 in Throwing
 10559 | D:11     | Reached skill level 17 in Axes
 10563 | D:11     | Reached ***** piety under Beogh
 10563 | D:11     | Gained Beowulf as an ally
 10605 | D:11     | Found a staircase to the Lair.
 10671 | D:11     | Noticed a soul eater
 10678 | D:11     | Killed a soul eater
 11728 | D:12     | You fall into a shaft and drop 3 floors!
 11728 | D:15     | Entered Level 15 of the Dungeon
 11730 | D:15     | Noticed a boulder beetle
 11748 | D:14     | Noticed Frances
 11751 | D:14     | Noticed a sun demon
 11758 | D:14     | Killed Frances
 12080 | D:13     | Found a runed translucent gate.
 12080 | D:13     | Found a runed translucent gate.
 12080 | D:13     | Found a runed translucent gate.
 12586 | D:13     | Noticed a centaur warrior
 12587 | D:13     | Noticed a centaur warrior
 12594 | D:13     | Killed a centaur warrior
 12597 | D:13     | Killed a centaur warrior
 12941 | D:13     | Noticed a vault guard
 12943 | D:13     | Noticed a two-headed ogre
 12953 | D:13     | Killed a two-headed ogre
 12957 | D:13     | Killed a vault guard
 12958 | D:13     | Reached skill level 10 in Armour
 13076 | D:13     | Found a gate to the Vaults.
 13220 | D:13     | Noticed a boulder beetle
 13232 | D:13     | Killed a boulder beetle
 13347 | D:13     | Upgraded the game from 0.31-a0-1336-g7fd7ca34b5 to
                  | 0.31-a0-1352-gc98d92de7d
 13350 | D:13     | a guardian serpent changed into a skyshark
 13350 | D:13     | Noticed a skyshark (glowing shapeshifter)
 13352 | D:13     | a skyshark changed into a swamp worm
 13404 | D:15     | Noticed an ogre mage
 13404 | D:15     | Noticed a two-headed ogre
 13404 | D:15     | Noticed a two-headed ogre
 13550 | D:14     | Noticed a death knight
 13565 | D:14     | Your ally Morun died
 13869 | Lair:1   | Entered Level 1 of the Lair of Beasts
 13879 | Lair:1   | Reached XP level 13. HP: 123/123 MP: 19/19
 14212 | Lair:1   | Your ally Beowulf died
 14271 | Lair:1   | Reached skill level 18 in Axes
 15497 | Lair:2   | Found a hole to the Spider Nest.
 15503 | Lair:2   | Gained Morun as an ally
 15797 | Lair:2   | Found a staircase to the Shoals.
 16359 | Lair:3   | Your ally Morun died
 16520 | Lair:3   | Reached skill level 15 in Fighting
 16529 | Lair:3   | Reached skill level 10 in Invocations
 16924 | Lair:3   | Reached ****** piety under Beogh
 17455 | Lair:4   | Found a staircase to the Slime Pits.
 17462 | Lair:5   | Entered Level 5 of the Lair of Beasts
 17473 | Lair:5   | Noticed Kirke
 17489 | Lair:5   | Killed Kirke
 17503 | Lair:5   | Reached XP level 14. HP: 79/136 MP: 21/21
 17516 | Lair:5   | HP: 2/137 [death yak (13)]
 19189 | Lair:5   | Paralysed by a hornet for 1 turns
 19755 | Lair:5   | Reached skill level 19 in Axes
 20239 | Lair:5   | Killed from afar by an ice dragon

Illustrated notes

Levels and vault maps discovered:
D:1:      amcnicky_arrival_blooded_trapdoor, layout_loops_corners,
          ebering_ecumenical_altar_ruins
D:2:      layout_loops_ring
D:3:      layout_loops_ring, lightli_sewer_entry_pipes
D:4:      layout_basic, grunt_ministairs_12
D:5:      layout_basic, nicolae_overflow_hallway_of_the_gods,
          nicolae_twisty_statue_hallways
D:6:      layout_basic, minmay_temple_entry_purple_smoke, kennysheep_doodads
D:7:      layout_cave_pools, serial_gnoll_camp, gnoll_camp_mini_loothouse,
          gnoll_camp_mini_doghouse, gnoll_camp_huts_basic,
          gnoll_camp_mini_doghouse, kennysheep_generic_room_10
D:8:      layout_loops_cross, enter_bailey_2, gammafunk_ghost_stat_death,
          hangedman_glass_teeth, uniq_maggie, uniq_jeremiah, uniq_gastronok
D:9:      layout_stronghold
D:10:     layout_loops_ring
D:11:     layout_small_grid, minmay_lair_entry_grove, hiddenorc2_lemuel,
          serial_demonic, serial_demonic_b, serial_demonic_b, serial_demonic_e,
          serial_demonic_e, uniq_fannar
D:12:     layout_layer_cave, minivault_24, minmay_circle_x
D:13:     layout_gridville, david_vaults_4,
          ploomutoo_gammafunk_ghost_potion_laboratory
D:14:     layout_roguey, serial_shops, nicolae_shop_tiny_real_fake_doors,
          nicolae_benzene_ring, nicolae_uskayaw_suspiria, uniq_frances
D:15:     grunt_enter_depths_giant_problem, layout_grid_maze, enter_trove_3,
          minmay_misc_feat_encased, nicolae_elyvilon_temple_path, uniq_agnes,
          uniq_azrael
Temple:   hellmonk_temple_two_chambers
Lair:1:   layout_cave_pods, serial_bayou, serial_bayou_ford_a,
          serial_bayou_pond_c, serial_bayou_pond_b, serial_bayou_crossing,
          st_stairs_6
Lair:2:   layout_roguey, minmay_shoals_entry_hut,
          nicolae_spider_entry_non_spiders, grunt_megastairs_2
Lair:3:   layout_gridlike
Lair:4:   layout_gridlike, nicolae_slime_entry_field_trip
Lair:5:   guppyfry_lair_end_dragon, layout_small_grid, wormcave,
          serial_bayou_shore_b, uniq_kirke

Skill      XL: |  1  2  3  4  5  6  7  8  9 10 11 12 13 14 |
---------------+-------------------------------------------+-----
Fighting       | 4 5 6 7 8 9 11 13 15 16 | 16.9
Axes           | 3 4 6 7 9 11 13 15 16 17 18 19 | 19.0
Armour         | 4 5 6 8 10 11 12 | 12.2
Shields        | 4 5 6 |  6.3
Invocations    | 2 4 6 7 9 10 11 | 11.5
Throwing       | 1 |  1.2
Dodging        | |  0.5

Action                     |  1- 3 |  4- 6 |  7- 9 | 10-12 | 13-15 || total
---------------------------+-------+-------+-------+-------+-------++-------
  Melee: War axe           |   122 |   168 |   316 |   381 |   459 ||  1446
         Morningstar       |       |       |       |       |    17 ||    17
  Throw: Boomerang         |       |     3 |       |       |       ||     3
         Javelin           |       |       |       |     3 |       ||     3
 Invoke: Convert to Beogh  |       |     1 |       |       |       ||     1
         Smiting           |       |       |       |     4 |       ||     4
         Recall Orcish Fol |       |       |       |    13 |     4 ||    17
         Stop Recall       |       |       |       |     1 |       ||     1
  Evoke: Wand              |       |       |       |       |     1 ||     1
    Use: Scroll            |     5 |     4 |     6 |     9 |     3 ||    27
         Potion            |       |     1 |       |     1 |     3 ||     5
   Stab: Distracted        |       |     1 |       |     7 |     7 ||    15
         Paralysed         |       |       |       |       |     3 ||     3
 Armour: Scale mail        |    73 |    81 |   172 |       |       ||   326
         Storm dragon scal |       |       |       |   230 |   349 ||   579
         Chain mail        |       |       |       |     2 |       ||     2
  Dodge: Dodged            |    64 |    59 |    76 |    60 |   105 ||   364
  Block: Buckler           |    30 |    51 |   144 |     9 |       ||   234
         Reflection        |       |     3 |     3 |    21 |       ||    27
         Kite shield       |       |       |       |   283 |   377 ||   660

Table legend: (Time is in decaauts)
 A = Elapsed time spent in this place.
 B = Non-inter-level travel time spent in this place.
 C = Inter-level travel time spent in this place.
 D = Time resting spent in this place.
 E = Time spent auto-exploring this place.
 F = Levels seen in this place.
 G = Mean time per level.
                   A        B        C        D        E       F      G
               +--------+--------+--------+--------+--------+-----+--------+
         Total |  20253 |  19581 |    672 |     48 |  15512 |  23 |  880.6 |
       Dungeon |  13204 |  12641 |    563 |     48 |   9786 |  15 |  880.3 |
        Temple |      1 |      1 |      0 |      0 |      0 |   1 |    1.0 |
          Lair |   6300 |   6191 |    109 |      0 |   5287 |   5 | 1260.0 |
         Sewer |    195 |    195 |      0 |      0 |    121 |   1 |  195.0 |
        Bailey |    551 |    551 |      0 |      0 |    318 |   1 |  551.0 |
               +--------+--------+--------+--------+--------+-----+--------+

Top non-repeatable levels by time:
  Lair:5: 2134 daAuts
     D:6: 1376 daAuts
  Lair:2: 1267 daAuts
    D:11: 1246 daAuts
    D:12: 1223 daAuts
     D:9: 1199 daAuts
    D:13: 1170 daAuts
  Lair:1: 1160 daAuts
     D:8: 1108 daAuts
     D:1: 1002 daAuts
  Lair:3: 936 daAuts
     D:3: 931 daAuts
     D:5: 822 daAuts
  Lair:4: 802 daAuts
     D:7: 764 daAuts
